 Dungeon Crawl Stone Soup version 0.25-a0-510-ge065f6de7d (webtiles) character file.

Game seed: 15645211993979102170, levelgen mode: deterministic

44 BeastOfSaturn the Stinger (level 3, -1/24 HPs)
             Began as a Demonspawn Venom Mage on Feb 15, 2020.
             Slain by an orc
             ... wielding a +0 morningstar
              (10 damage)
             ... on level 3 of the Dungeon.
             The game lasted 00:09:36 (1910 turns).

BeastOfSaturn the Stinger (Demonspawn Venom Mage)   Turns: 1910, Time: 00:09:37

Health: -1/24      AC:  6    Str:  9    XL:     3   Next: 41%
Magic:  4/6        EV: 12    Int: 16    God:
Gold:   100        SH:  0    Dex: 13    Spells: 0/6 levels left

rFire    . . .     SeeInvis .   o - -2 long sword (curse)
rCold    . . .     Gourm    .   (no shield)
rNeg     . . .     Faith    .   f - +0 leather armour
rPois    .         Spirit   .   i - +1 hat
rElec    .         Reflect  .   (no cloak)
rCorr    .         Harm     .   (no gloves)
MR       .....                  (no boots)
Stlth    +.........             (no amulet)
HPRegen  0.08/turn              (no ring)
MPRegen  0.10/turn              (no ring)

@: confused
A: iridescent scales 1
a: no special abilities


You were on level 3 of the Dungeon.
You were not hungry.

You visited 1 branch of the dungeon, and saw 3 of its levels.

You collected 100 gold pieces.

Inventory:

Hand Weapons
 b - a +0 dagger
 e - a +0 short sword
 o - a cursed -2 long sword (weapon)
Missiles
 d - 10 poisoned darts (quivered)
Armour
 a - a +0 robe
 f - a +0 leather armour (worn)
 i - a +1 hat (worn)
Scrolls
 g - 4 scrolls of teleportation
 j - a scroll of magic mapping {unknown}
 k - a scroll of remove curse {unknown}
 n - 2 scrolls of amnesia {unknown}
Potions
 h - a potion of resistance {unknown}
 l - 2 potions of might {unknown}
 m - 2 potions of berserk rage {unknown}
Comestibles
 c - 3 rations


   Skills:
 * Level 0.9 Armour
 + Level 2.0 Dodging
 - Level 1.7 Stealth
 - Level 2.0 Spellcasting
 - Level 0.8 Transmutations
 - Level 0.3 Air Magic
 * Level 4.1 Poison Magic


You couldn't memorise any spells.
You knew the following spells:

 Your Spells              Type           Power        Failure   Level  Hunger
a - Sting                 Tmut/Pois      #...         11%         1    #......
b - Poisonous Vapours     Pois/Air       #.....       17%         2    ###....
c - Mephitic Cloud        Conj/Pois/Air  #.......     43%         3    ###....

Your spell library contained the following spells:

 Spells                   Type           Power        Failure   Level  Hunger
 Ignite Poison            Fire/Tmut/Pois #.......     41%         3    ###....
 Olgreb's Toxic Radiance  Pois           ##......     45%         4    #####..


Dungeon Overview and Level Annotations

Branches:
Dungeon (3/15)

Altars:
Elyvilon
Kikubaaqudgha
Sif Muna

Annotations:
D:3 Ijyb


Innate Abilities, Weirdness & Mutations

You are partially covered in iridescent scales. (AC +2)


Message History

You closely miss the orc.
The orc is lightly wounded.
You are engulfed in noxious fumes.
You choke on the stench!
You are more confused.
Ijyb hits you but does no damage. The orc closely misses you.
Ijyb hits you but does no damage.
Unknown command.
You barely miss the orc.
The orc is lightly wounded.
The orc hits you but does no damage. Ijyb hits you but does no damage.
You closely miss Ijyb. Ijyb hits you but does no damage.
The orc closely misses you. Ijyb closely misses you.
You're too confused to move!
The orc barely misses you.
Ijyb zaps a wand.
You resist with significant effort. Ijyb barely misses you.
You're too confused to move!
The orc hits you with a +0 morningstar.
Ijyb zaps a wand.
Your will is overpowered!
You are more confused.
You bump into the crystal wall.
The orc hits you with a +0 morningstar!
You die...

## ##
#. #.#
#.# ..
#..#.
#..##
#@g##
#..#o.#
#...#.#
###..##
#_# ##


You could see Ijyb and an orc.

Vanquished Creatures
  An adder (D:2)
  A worm (D:2)
  A giant cockroach (D:1)
  6 goblins
  3 hobgoblins
  6 kobolds
  7 bats
  4 frilled lizards
  5 rats (D:1)
34 creatures vanquished.

Notes
Turn   | Place    | Note
-------+----------+-------------------------------------------
     0 | D:1      | BeastOfSaturn the Demonspawn Venom Mage began the quest for
                  | the Orb.
     0 | D:1      | Reached XP level 1. HP: 13/13 MP: 3/3
   318 | D:1      | Gained mutation: You are partially covered in iridescent
                  | scales. (AC +2) [demonic ancestry]
   318 | D:1      | Reached XP level 2. HP: 19/19 MP: 1/5
   516 | D:1      | Learned a level 2 spell: Poisonous Vapours
  1271 | D:2      | Reached skill level 4 in Poison Magic
  1271 | D:2      | Reached XP level 3. HP: 19/24 MP: 1/6
  1348 | D:2      | Learned a level 3 spell: Mephitic Cloud
  1419 | D:2      | Found an ancient bone altar of Kikubaaqudgha.
  1869 | D:3      | Found a shimmering blue altar of Sif Muna.
  1896 | D:3      | Found a white marble altar of Elyvilon.
  1897 | D:3      | Noticed Ijyb
  1910 | D:3      | Slain by an orc

Levels and vault maps discovered:
D:1:      dpeg_arrival_rhombi, layout_loops_corners, minmay_crystal_room,
          grunt_decor_mini_mirrors
D:2:      layout_rooms, kiku_gazebo_pond_becter
D:3:      layout_loops_ring, lemuel_blue_sif_altar, marbit_many_paths,
          dancing_weapons_uskayaw, lemuel_crystal_altar, serial_rivers,
          chequers_serial_rivers_room_a, chequers_serial_rivers_micro_b,
          chequers_serial_rivers_small_a, chequers_serial_rivers_small_b,
          hangedman_feature_mirror, uniq_ijyb

Skill      XL: |  1  2  3 |
---------------+----------+-----
Poison Magic   | 4 |  4.1
Dodging        | 2 |  2.0
Armour         | |  0.9
Stealth        | |  1.7
Spellcasting   | |  2.0
Transmutations | |  0.8
Air Magic      | |  0.3

Action                   || total
-------------------------++-------
Melee: Dagger            ||    12
       Short sword       ||    17
       Long sword        ||     6
 Cast: Sting             ||    16
       Poisonous Vapours ||    24
       Mephitic Cloud    ||     1
  Use: Scroll            ||     1
 Stab: Sleeping          ||     1
  Eat: Chunk             ||     4
       Ration            ||     1
Armor: Robe              ||    18
       Leather armour    ||     9
Dodge: Dodged            ||    41

Table legend:
 A = Non-vault XP
 B = Vault XP
 C = Vault XP percentage of total XP
 D = Non-vault monster count
 E = Vault monster count
 F = Vault count percentage of total count
                 A         B        C        D         E       F
            +---------+---------+-------+---------+---------+-------
      Total |      62 |       2 |   3.1 |      33 |       1 |   2.9
            +---------+---------+-------+---------+---------+-------
        D:1 |      36 |       0 |   0.0 |      25 |       0 |   0.0
        D:2 |      26 |       0 |   0.0 |       8 |       0 |   0.0
        D:3 |       0 |       2 | 100.0 |       0 |       1 | 100.0
            +---------+---------+-------+---------+---------+-------
